 Dungeon Crawl Stone Soup version 0.21-a0-529-g8c7b3f5 (webtiles) character file.

12 schets the Slasher (level 2, -1/27 HPs)
             Began as a Minotaur Monk on Dec 11, 2017.
             Slain by a gnoll
             ... wielding a +0 spear
              (2 damage)
             ... on level 1 of the Dungeon.
             The game lasted 00:00:24 (226 turns).

schets the Slasher (Minotaur Monk)                   Turns: 226, Time: 00:00:24

Health: -1/27      AC:  2    Str: 15    XL:     2   Next: 20%
Magic:  1/1        EV: 13    Int:  7    God:
Gold:   41         SH:  0    Dex: 12    Spells: 1/1 levels left

rFire    . . .     SeeInvis .   a - +0 falchion
rCold    . . .     Gourm    .   (no shield)
rNeg     . . .     Faith    .   b - +0 robe
rPois    .         Spirit   .   (helmet restricted)
rElec    .         Reflect  .   (no cloak)
rCorr    .         Harm     .   (no gloves)
MR       .....                  (no boots)
Stlth    ++........             (no amulet)
HPRegen  0.09/turn              (no ring)
MPRegen  0.07/turn              (no ring)

@: no status effects
A: retaliatory headbutt, horns 2
a: no special abilities


You were on level 1 of the Dungeon.
You were not hungry.

You visited 1 branch of the dungeon, and saw 1 of its levels.

You collected 41 gold pieces.

Inventory:

Hand Weapons
 a - a +0 falchion (weapon)
Armour
 b - a +0 robe (worn)
Scrolls
 e - a scroll of remove curse {unknown}
Potions
 d - a potion of mutation {unknown}
Comestibles
 c - 2 bread rations
 f - a fruit


   Skills:
 + Level 4.1 Fighting
 + Level 4.1 Long Blades
 - Level 3.3 Dodging
 - Level 1.5 Stealth


You had one spell level left.
You didn't know any spells.

Dungeon Overview and Level Annotations

Branches:
Dungeon (1/15)

Altars:


Innate Abilities, Weirdness & Mutations

You reflexively headbutt those who attack you in melee.
You have a pair of horns on your head.


Message History

You are too injured to fight recklessly!
You are too injured to fight recklessly!
You are too injured to fight recklessly!
You are too injured to fight recklessly!
You are too injured to fight recklessly!
You are too injured to fight recklessly!
You are too injured to fight recklessly!
You are too injured to fight recklessly!
You are too injured to fight recklessly!
You closely miss the frilled lizard. The frilled lizard barely misses you.
The gnoll closely misses you.
You hit the frilled lizard. You headbutt the frilled lizard.
You kill the frilled lizard!
The gnoll closely misses you. The gnoll hits you but does no damage.
The gnoll hits you with a spear.
* * * LOW HITPOINT WARNING * * *
You hit the gnoll but do no damage. Your headbutt misses the gnoll.
The gnoll closely misses you. The gnoll hits you with a spear.
You die...

#...###.).##
.....##............. ..##
##...###...##..#..#....###
# ###.#>.......#(.##...###
..##............###.....
..........####..# #.....
...........###..###.#..#
.#........!.............
.......†..........#.....
.....).@...###.†........
##.....g....##.#####....
#........!..... ....
...........#....# ##..
##........##....# ##
#####...###....# #####
#..^.# #....#


You could see a gnoll.

Vanquished Creatures
  A leopard gecko (D:1)
  2 giant cockroaches (D:1)
  A goblin (D:1)
  2 jackals (D:1)
  A frilled lizard (D:1)
  2 kobolds (D:1)
  A rat (D:1)
10 creatures vanquished.

Notes
Turn   | Place    | Note
-------+----------+-------------------------------------------
     0 | D:1      | schets the Minotaur Monk began the quest for the Orb.
     0 | D:1      | Reached XP level 1. HP: 19/19 MP: 0/0
   205 | D:1      | Reached XP level 2. HP: 22/27 MP: 1/1
   225 | D:1      | HP: 1/27 [gnoll/spear (6)]
   226 | D:1      | Slain by a gnoll

Vault maps used:
D:1:      dpeg_arrival_simpleton_a, hangedman_decor_diamond_cutter

Skill      XL: |  1 |
---------------+----+-----
Fighting       | 4 |  4.1
Long Blades    | 4 |  4.1
Dodging        | |  3.3
Stealth        | |  1.5

Action                   || total
-------------------------++-------
Melee: Falchion          ||    20
       Headbutt          ||     2
Armor: Robe              ||     2
Dodge: Dodged            ||    19
       Rpst.: Falchion   ||     1

Table legend:
 A = Spawn XP
 B = Non-spawn XP
 C = Spawn XP percentage of total XP
 D = Spawn monster count
 E = Non-spawn monster count
 F = Spawn count percentage of total count
 G = Total turns spent on level
                    A         B        C        D         E        F      G
               +---------+---------+-------+---------+---------+-------+---------
         Total |       0 |      18 |   0.0 |       0 |      10 |   0.0 |   226
               +---------+---------+-------+---------+---------+-------+---------
           D:1 |       0 |      18 |   0.0 |       0 |      10 |   0.0 |   226
               +---------+---------+-------+---------+---------+-------+---------
